 Dungeon Sprint DCSS version 0.18.1-47-g9310371 (webtiles) character file.

4367 rftp080 the Destroyer (level 10, -1/72 HPs)
             Began as a High Elf Air Elementalist on June 23, 2016.
             Was the Champion of Sif Muna.
             Succumbed to a black mamba's poison
             ... in the Dungeon (Sprint IX: "|||||||||||||||||||||||||||||").
             The game lasted 00:07:46 (723 turns).

rftp080 the Destroyer (High Elf Air Elementalist)    Turns: 723, Time: 00:07:46

Health: -1/72      AC: 15    Str: 10    XL:     10   Next: 13%
Magic:  8/24       EV: 17    Int: 23    God:    Sif Muna [******]
Gold:   0          SH:  0    Dex: 19    Spells: 4 memorised, 18 levels left

rFire  . . .     SeeInvis .     k - +0 club
rCold  . . .     Gourm    .     s - +2 ring mail
rNeg   . . .     Faith    .     (no shield)
rPois  .         Spirit   .     (no helmet)
rElec  .         Dismiss  .     (no cloak)
rCorr  .         Reflect  .     r - +2 pair of gloves
SustAt .         Harm     .     q - +2 pair of boots
MR     +....     NoTele   +     (no amulet)
Stlth  ++........               u - +3 ring of dexterity
                                t - +3 ring of strength

@: lethally poisoned (-1 -> -11), repel missiles, somewhat resistant to hostile
enchantments, unstealthy
A: no striking features
a: Channel Energy, Forget Spell, Renounce Religion


You were in the Dungeon.
You worshipped Sif Muna.
Sif Muna was exalted by your worship.
You were hungry.

You visited 1 branch

Inventory:

Hand Weapons
 j - the cursed +0 spear "Puaval" {pierce, *Noise Dex+8}
   (You found it in the Dungeon)

   It inflicts extra damage upon your enemies.
   It affects your dexterity (+8).
   It may make noises in combat.
   It has a curse placed upon it.
 k - a +0 club (weapon)
 p - a +2 dire flail of protection
Armour
 a - a +0 robe
 q - a +2 pair of boots (worn)
 r - a +2 pair of gloves (worn)
 s - a +2 ring mail (worn)
Magical Staves
 o - an uncursed staff of energy
Jewellery
 t - a +3 ring of strength (left hand)
 u - a +3 ring of dexterity (right hand)
Wands
 n - a wand of acid (7/15)
Scrolls
 l - 4 scrolls of remove curse
 m - 2 scrolls of amnesia
 w - 2 scrolls of recharging
Potions
 e - a potion of brilliance
 f - a potion of cure mutation
 g - 3 potions of magic
 h - a potion of berserk rage
 i - 2 potions of might
Books
 b - a book of Air

   Spells                             Type                      Level
   a - Shock                          Conjuration/Air              1
   b - Swiftness                      Charms/Air                   2
   c - Repel Missiles                 Charms/Air                   2
   d - Static Discharge               Conjuration/Air              3
   e - Lightning Bolt                 Conjuration/Air              5
 v - a book of Envenomations

   Spells                             Type                      Level
   a - Spider Form                    Transmutation/Poison         3
   b - Olgreb's Toxic Radiance        Poison                       4
   c - Alistair's Intoxication        Transmutation/Poison         5
   d - Poisonous Cloud                Conjuration/Poison/Air       6
 x - Tihyode's Volume of Excruciating Ignition
   (Sif Muna gifted it to you in the Dungeon)

   Spells                             Type                      Level
   a - Inner Flame                    Hexes/Fire                   3
   b - Bolt of Magma                  Conjuration/Fire/Earth       5
   c - Bolt of Draining               Conjuration/Necromancy       5
   d - Venom Bolt                     Conjuration/Poison           5
Comestibles
 c - a bread ration
 d - 4 chunks of flesh


   Skills:
 + Level 8.2 Fighting
 + Level 7.5 Armour
 + Level 9.4 Dodging
 - Level 2.3 Stealth
 + Level 9.6 Spellcasting
 * Level 12.6 Conjurations
 - Level 10.0 Air Magic
 * Level 11.2 Invocations


You had 18 spell levels left.
You knew the following spells:

 Your Spells              Type           Power        Failure   Level  Hunger
a - Shock                 Conj/Air       ####         1%          1    None
b - Lightning Bolt        Conj/Air       ######....   3%          5    ####...
c - Repel Missiles        Chrm/Air       ####..       2%          2    None
d - Swiftness             Chrm/Air       ####....     2%          2    None


Dungeon Overview and Level Annotations

Branches:
Dungeon (1/1)

Altars:
Cheibriados
Dithmenos
Elyvilon
Fedhas
Gozag
Kikubaaqudgha
Makhleb
Nemelex Xobeh
Okawaru
Pakellas
Qazlal
Ru
Sif Muna
Trog
Vehumet
Xom
Yredelemnul
Zin
The Shining One
Beogh
Jiyva
Lugonu


Message History

a water moccasin corpse x2
* * * LOW HITPOINT WARNING * * *
You feel sick.
You see here an antique book {god gift}. x - Tihyode's Volume of Excruciating Ignition
* * * LOW HITPOINT WARNING * * *
You feel sick.
Okay, then.
Drink which item? (? for menu, Esc to quit)
You're too hungry to go berserk.
Eat one of 5 chunks of flesh? (ye/n/q/i?) This raw flesh tastes terrible.
You are feeling hungry.
* * * LOW HITPOINT WARNING * * *
You feel sick.
You continue eating.
* * * LOW HITPOINT WARNING * * *
You feel sick.
You continue eating.
You die...

▓▓▓▓▓▓▓▓▓▓▓▓▓▓▓▓▓▓▓▓▓▓▓▓▓
.).....'..÷†....@††.††...
▓▓▓▓▓▓▓▓▓▓▓▓▓▓▓▓▓▓▓▓▓▓▓▓▓▓▓▓▓▓▓▓▓
.................................
▓▓▓▓▓▓▓▓▓▓▓▓▓▓▓▓▓▓▓▓▓▓▓▓▓▓▓▓▓▓▓▓▓
..'______________________'...)...
▓▓▓▓▓▓▓▓▓▓▓▓▓▓▓▓▓▓▓▓▓▓▓▓▓▓▓▓▓▓▓▓▓


There were no monsters in sight!

Vanquished Creatures
  A hydra (D)
  2 hill giants (D)
  A black mamba (D)
  A spiny frog (D)
  3 yaks (D)
  A vampire (D)
  A wyvern (D)
  2 hippogriffs (D)
  3 water moccasins (D)
  A porcupine (D)
  2 black bears (D)
  A centaur (D)
  4 giant frogs (D)
  2 crimson imps (D)
  A hound (D)
  2 iguanas (D)
  A worker ant (D)
  3 river rats (D)
  An adder skeleton (D)
  2 orcs (D)
  A giant cockroach (D)
  A hobgoblin (D)
  A kobold (D)
  A giant newt (D)
  A goblin (D)
40 creatures vanquished.

Notes
Turn   | Place    | Note
--------------------------------------------------------------
     0 | D        | rftp080 the High Elf Air Elementalist began the quest for the Orb.
     0 | D        | Reached XP level 1. HP: 11/11 MP: 4/4
   157 | D        | Noticed a hound
   157 | D        | Noticed a centaur
   157 | D        | Noticed a worker ant
   157 | D        | Noticed a crimson imp
   163 | D        | Killed a hound
   163 | D        | Reached skill level 1 in Fighting
   163 | D        | Reached skill level 1 in Armour
   163 | D        | Reached skill level 3 in Conjurations
   163 | D        | Reached XP level 2. HP: 11/19 MP: 1/7
   163 | D        | Reached XP level 3. HP: 14/24 MP: 1/9
   168 | D        | Killed a centaur
   168 | D        | Reached skill level 5 in Conjurations
   168 | D        | Reached skill level 5 in Air Magic
   168 | D        | Reached XP level 4. HP: 12/31 MP: 7/11
   168 | D        | Reached skill level 5 in Spellcasting
   168 | D        | Reached skill level 6 in Conjurations
   168 | D        | Reached XP level 5. HP: 14/36 MP: 7/13
   174 | D        | Found a glowing silver altar of Zin.
   174 | D        | Found a glowing golden altar of the Shining One.
   174 | D        | Found an ancient bone altar of Kikubaaqudgha.
   174 | D        | Found a basalt altar of Yredelemnul.
   174 | D        | Found a shimmering altar of Xom.
   174 | D        | Found a radiant altar of Vehumet.
   175 | D        | Found an iron altar of Okawaru.
   176 | D        | Found a burning altar of Makhleb.
   177 | D        | Found a deep blue altar of Sif Muna.
   178 | D        | Found a bloodstained altar of Trog.
   179 | D        | Found a sparkling altar of Nemelex Xobeh.
   180 | D        | Found a white marble altar of Elyvilon.
   181 | D        | Found a roughly hewn altar of Beogh.
   182 | D        | Found a viscous altar of Jiyva.
   183 | D        | Found a corrupted altar of Lugonu.
   184 | D        | Found a blossoming altar of Fedhas.
   185 | D        | Became a worshipper of Sif Muna the Loreminder
   192 | D        | Learned a level 5 spell: Lightning Bolt
   195 | D        | Learned a level 2 spell: Repel Missiles
   199 | D        | Learned a level 2 spell: Swiftness
   199 | D        | Found a snail-covered altar of Cheibriados.
   200 | D        | Found a shadowy altar of Dithmenos.
   201 | D        | Found a stormy altar of Qazlal.
   202 | D        | Found an opulent altar of Gozag.
   203 | D        | Found a sacrificial altar of Ru.
   204 | D        | Found an oddly glowing altar of Pakellas.
   286 | D        | Noticed a wyvern
   286 | D        | Noticed a hill giant
   286 | D        | Noticed a black bear
   286 | D        | Noticed a black bear
   286 | D        | Noticed a hill giant
   329 | D        | HP: 2/54 [hill giant/giant club (24)]
   333 | D        | Killed a hill giant
   333 | D        | Reached * piety under Sif Muna
   333 | D        | Reached ** piety under Sif Muna
   333 | D        | Reached skill level 5 in Fighting
   333 | D        | Reached skill level 8 in Conjurations
   333 | D        | Reached skill level 5 in Invocations
   333 | D        | Reached XP level 6. HP: 4/45 MP: 9/16
   333 | D        | Reached XP level 7. HP: 4/50 MP: 9/17
   343 | D        | Killed a wyvern
   343 | D        | Reached skill level 5 in Armour
   343 | D        | Reached skill level 9 in Conjurations
   359 | D        | Killed a hill giant
   359 | D        | Reached *** piety under Sif Muna
   359 | D        | Reached skill level 10 in Conjurations
   359 | D        | Reached XP level 8. HP: 28/57 MP: 13/20
   423 | D        | HP: 2/58 [vampire (7)]
   434 | D        | Reached **** piety under Sif Muna
   551 | D        | Got the cursed +0 spear "Puaval" {pierce, *Noise Dex+8}
   664 | D        | Noticed a spiny frog
   664 | D        | Reached XP level 9. HP: 63/63 MP: 15/22
   665 | D        | Reached ***** piety under Sif Muna
   665 | D        | Reached skill level 11 in Conjurations
   667 | D        | Killed a spiny frog
   673 | D        | Reached skill level 10 in Air Magic
   703 | D        | Noticed a four-headed hydra
   703 | D        | Noticed a black mamba
   704 | D        | Reached skill level 10 in Invocations
   706 | D        | Killed a four-headed hydra
   706 | D        | Reached skill level 12 in Conjurations
   711 | D        | Reached XP level 10. HP: 45/72 MP: 6/24
   716 | D        | Killed a black mamba
   716 | D        | Reached ****** piety under Sif Muna
   716 | D        | Received a gift from Sif Muna
   720 | D        | Identified Tihyode's Volume of Excruciating Ignition (Sif Muna gifted it to you in the Dungeon)
   720 | D        | HP: 3/72 [poisoned by a black mamba]
   722 | D        | HP: 1/72 [poisoned by a black mamba]
   723 | D        | Succumbed to a black mamba's poison

Skill      XL: |  1  2  3  4  5  6  7  8  9 10 |
---------------+-------------------------------+-----
Air Magic      | 4 5 6 7 8 9 10 | 10.0
Spellcasting   | 3 4 5 6 7 8 9 |  9.6
Fighting       | 1 3 5 6 8 |  8.2
Armour         | 1 2 3 4 5 6 7 |  7.5
Dodging        | 3 4 6 7 8 9 |  9.4
Conjurations   | 3 5 6 8 10 12 | 12.6
Invocations    | 5 7 8 10 11 | 11.2
Stealth        | |  2.3

Action                   |  1- 3 |  4- 6 |  7- 9 | 10-12 || total
-------------------------+-------+-------+-------+-------++-------
Melee: Unarmed           |     8 |       |       |       ||     8
       Club              |       |    10 |     4 |       ||    14
 Cast: Shock             |     9 |     8 |     9 |       ||    26
       Repel Missiles    |       |     1 |       |       ||     1
       Swiftness         |       |     1 |       |       ||     1
       Lightning Bolt    |       |       |    21 |     4 ||    25
Invok: Channel Energy    |       |       |    30 |     3 ||    33
  Use: Potion            |     3 |     4 |     5 |       ||    12
       Scroll            |       |       |     6 |       ||     6
 Stab: Invisible         |       |     3 |       |       ||     3
  Eat: Chunk             |       |       |     9 |     1 ||    10
Armor: Robe              |     1 |       |       |       ||     1
       Ring mail         |       |       |    26 |     2 ||    28
Dodge: Dodged            |     6 |     5 |    51 |     4 ||    66
